 Dungeon Crawl Stone Soup version 0.28.0-43-g3370ac3207 (webtiles) character file.

Game seed: 9498971179459578648

6 nickcage the Skirmisher (level 1, 26/26 HPs)
             Began as an Ogre Abyssal Knight on Mar 28, 2022.
             Was a Follower of Lugonu.
             Got out of the dungeon alive.
             The game lasted 00:00:59 (295 turns).

nickcage the Skirmisher (Ogre Abyssal Knight)        Turns: 295, Time: 00:00:59

Health: 26/26      AC:  3    Str: 16    XL:     1   Next: 90%
Magic:  2/2        EV: 10    Int: 11    God:    Lugonu [*.....]
Gold:   13         SH:  0    Dex:  9    Spells: 0/0 levels left

rFire   . . .      SeeInvis .   a - +1 hand axe
rCold   . . .      Faith    .   (no shield)
rNeg    . . .      Spirit   .   b - +0 robe
rPois   .          Reflect  .   (helmet restricted)
rElec   .          Harm     .   (no cloak)
rCorr   .          Rampage  .   (gloves unavailable)
Will    .....                   (boots unavailable)
Stlth   +.........              (no amulet)
HPRegen 0.08/turn               (no ring)
MPRegen 0.08/turn               (no ring)

@: no status effects
A: large, unfitting armour, tough skin 1
a: Renounce Religion, Depart the Abyss


You escaped.
You worshipped Lugonu.
Lugonu was aware of your devotion.
You visited 1 branch of the dungeon, and saw 1 of its levels.
You visited the Abyss 1 time.

You collected 13 gold pieces.

Inventory:

Hand Weapons
 a - a +1 hand axe (weapon)
Armour
 b - a +0 robe (worn)
Scrolls
 c - a scroll of immolation {unknown}


   Skills:
 + Level 4.4 Fighting
 + Level 2.0 Axes
 + Level 2.2 Dodging
 + Level 2.0 Invocations


You couldn't memorise any spells.
You didn't know any spells.
Your spell library was empty.

Dungeon Overview and Level Annotations

Branches:
Dungeon (1/15)

Altars:


Innate Abilities, Weirdness & Mutations

You are too large for most types of armour.
You have tough skin. (AC +1)


Message History

You hit the goblin but do no damage. The goblin hits you with a +0 dagger.
You hit the goblin.
The goblin is moderately wounded.
The goblin hits you with a +0 dagger.
You closely miss the goblin.
The goblin is moderately wounded.
The goblin hits you but does no damage. The goblin hits you with a +0 dagger.
You hit the goblin.
You kill the goblin!
Lugonu accepts your kill.
No target in view!
No target in view!
No target in view!
A ball python is nearby!
You see here a +0 dagger.
The ball python hisses angrily.
You hit the ball python but do no damage.
The ball python barely misses you.
The ball python bites you but does no damage.
You hit the ball python.
The ball python is moderately wounded.
The ball python bites you but does no damage.
You barely miss the ball python.
The ball python is moderately wounded.
The ball python barely misses you.
The ball python bites you but does no damage.
You slash the ball python!
You kill the ball python!
Lugonu accepts your kill.
No target in view!
You see here a ball python corpse.
You now have 13 gold pieces.
Found 22 sling bullets and 5 javelins.
Found a stone staircase leading down.
There is a staircase leading out of the dungeon here.
There is an escape hatch in the floor here.
There is a staircase leading out of the dungeon here.
You can't go down here!
Are you sure you want to leave the Dungeon?
This will make you lose the game!
You have escaped!

###.#.#.# ...# #...#.... #
#...# #.####### ##. #...#
##.##### .... #... #......#
....####...#######..###.#
....................###.#
........#####.............
#.........@>....#.....#.##
#.#.##..#######.........#
#.......######...###
#.......# ##.#.#.##
#.......# ##.##.##.##
#######.......###.###.....#
#.(..............#.####...##
#.####.#.....###.##.##.....#
#.#.###.# #.###........


There were no monsters in sight!

Vanquished Creatures
  A bat (D:1)
  A ball python (D:1)
  A frilled lizard (D:1)
  3 goblins (D:1)
6 creatures vanquished.

Notes
Turn   | Place    | Note
-------+----------+-------------------------------------------
     0 | Abyss:1  | nickcage the Ogre Abyssal Knight began the quest for the
                  | Orb.
     0 | Abyss:1  | Reached XP level 1. HP: 24/24 MP: 2/2
    16 | D:1      | Escaped the Abyss
   295 | D:$      | Got out of the dungeon alive.

Illustrated notes

Levels and vault maps discovered:
D:1:      dpeg_arrival_tiny_i, layout_loops_cross,
          dreamdust_ecumenical_altar_grove, minmay_small_reverse_x

Action                   || total
-------------------------++-------
Melee: Hand axe          ||    25
Armor: Robe              ||    10
Dodge: Dodged            ||    11
